 Dungeon Crawl Stone Soup version 0.25-a0-68-ge58f8a54b6 (webtiles) character file.

Game seed: 14549154809946142258, levelgen mode: deterministic

877 iamserjio the Skirmisher (level 8, 0/58 HPs)
             Began as an Octopode Abyssal Knight on Nov 2, 2019.
             Was a Believer of Lugonu.
             Killed from afar by an orc wizard (7 damage)
             ... with a magic dart
             ... on level 4 of the Dungeon.
             The game lasted 00:05:42 (4042 turns).

iamserjio the Skirmisher (Octopode Abyssal Knight)  Turns: 4042, Time: 00:05:43

Health: 0/58       AC:  1    Str: 12    XL:     8   Next: 4%
Magic:  9/9        EV: 17    Int: 14    God:    Lugonu [**....]
Gold:   186        SH:  0    Dex: 15    Spells: 7/7 levels left

rFire    . . .     SeeInvis .   y - +4 long sword
rCold    . . .     Gourm    .   (no shield)
rNeg     . . .     Faith    .   (helmet restricted)
rPois    .         Spirit   .   (no amulet)
rElec    .         Reflect  .   u - +2 ring of dexterity
rCorr    .         Harm     .   (no ring)
MR       .....                  (no ring)
Stlth    ++........             (no ring)
HPRegen  0.19/turn              (no ring)
MPRegen  0.11/turn              (no ring)
                                (no ring)
                                (no ring)

@: no status effects
A: almost no armour, stealthy swim, amphibious, 8 rings, constrict 8, camouflage
1, gelatinous body 1
a: Depart the Abyss, Bend Space, Renounce Religion


You were on level 4 of the Dungeon.
You worshipped Lugonu.
Lugonu was pleased with you.
You were not hungry.

You visited 1 branch of the dungeon, and saw 4 of its levels.
You visited the Abyss 1 time.

You collected 186 gold pieces.

Inventory:

Hand Weapons
 a - a +1 short sword
 i - a +1 dagger of venom
 p - a +3 dagger of speed
 r - a cursed -3 spear
 s - a +0 trident
 y - a +4 long sword (weapon)
Missiles
 h - 228 stones (quivered)
 j - 22 sling bullets
 m - 15 poisoned darts
Magical Staves
 n - a cursed staff of power
Jewellery
 u - a +2 ring of dexterity (left tentacle)
Scrolls
 c - a scroll of fear {unknown}
 e - a scroll of remove curse {unknown}
 f - 2 scrolls of teleportation {unknown}
 g - 3 scrolls of enchant armour {unknown}
 k - 2 scrolls of enchant weapon {unknown}
 l - a scroll of amnesia {unknown}
 o - a scroll of noise {unknown}
 v - a scroll of random uselessness {unknown}
 w - 6 scrolls of identify {unknown}
 B - a scroll of blinking {unknown}
Potions
 d - a potion of agility
 q - a potion of brilliance {unknown}
 t - a potion of cancellation {unknown}
 x - 2 potions of heal wounds
 z - a potion of curing {unknown}
Comestibles
 b - 6 rations
 A - 4 chunks of flesh


   Skills:
 * Level 6.8 Fighting
 - Level 2.0 Short Blades
 * Level 6.5 Dodging
 + Level 2.6 Invocations


You had 7 spell levels left.
You didn't know any spells.
Your spell library was empty.

Dungeon Overview and Level Annotations

Branches:
Dungeon (4/15)
 Temple: D:4-7

Altars:


Innate Abilities, Weirdness & Mutations

You cannot wear most types of armour.
You are very stealthy in the water. (Stealth+)
You are amphibious.
You can wear up to eight rings at the same time.
You can use your tentacles to constrict eight enemies at once.
Your skin changes colour to match your surroundings (Stealth+).
Your rubbery body absorbs attacks. (AC +1, EV +1)


Message History

The orc hits you with a +0 club.
* * * LOW HITPOINT WARNING * * *
You closely miss the orc. You grab the orc. You constrict the orc.
You hear some strange, mumbled words.
Something tries to affect you, but you resist.
The orc hits you but does no damage.
You slash the orc!
You kill the orc!
Something barely misses you. Something hits you.
* * * LOW HITPOINT WARNING * * *
You miss something. Your squeeze misses something.
You hear some strange, mumbled words.
A magic dart appears from out of thin air!
The magic dart hits you.
* * * LOW HITPOINT WARNING * * *
You closely miss something. Your squeeze misses something.
You hear some strange, mumbled words.
A magic dart appears from out of thin air!
The magic dart hits you!
You die...

#........##..##.#.#
##...<...##..#.....
#...÷...##..#..#.##
#.⌠...⌠.##..#..#.#
##................
#..⌠....#.....
#....##.# ...$
#..#.##.# ...
#.....{@# ..
#.##.##)# . # ..
..# #.# .... #
.#... #....## #
#!## #.


There were no monsters in sight!

Vanquished Creatures
  A phantom (D:4)
  A hornet zombie (D:3)
  5 wights (D:3)
  A hound (D:2)
  An orc priest (D:4)
  An iguana (D:4)
  4 orc wizards
  3 worker ants
  4 gnolls (D:3)
  11 adders
  5 worms
  2 dart slugs
  A leopard gecko (D:4)
  7 orcs
  4 bats
  5 giant cockroaches
  5 hobgoblins
  2 jackals (D:4)
  A quokka (D:3)
  6 frilled lizards
  8 goblins
  9 kobolds
  A quokka skeleton (D:3)
  8 rats
96 creatures vanquished.

Notes
Turn   | Place    | Note
-------+----------+-------------------------------------------
     0 | Abyss:1  | iamserjio the Octopode Abyssal Knight began the quest for
                  | the Orb.
     0 | Abyss:1  | Reached XP level 1. HP: 16/16 MP: 2/2
    23 | Abyss:1  | Noticed a thrashing horror
    23 | Abyss:1  | Noticed a balrug
    25 | D:1      | Escaped the Abyss
   338 | D:1      | Reached XP level 2. HP: 21/21 MP: 3/3
   740 | D:1      | Reached * piety under Lugonu
   986 | D:2      | Reached XP level 3. HP: 15/26 MP: 4/4
  1276 | D:2      | Reached XP level 4. HP: 16/33 MP: 5/5
  1605 | D:2      | Reached XP level 5. HP: 33/38 MP: 6/6
  1980 | D:2      | Reached ** piety under Lugonu
  2317 | D:3      | Reached skill level 5 in Fighting
  2374 | D:3      | Reached XP level 6. HP: 43/45 MP: 7/7
  2588 | D:3      | Reached skill level 5 in Dodging
  3015 | D:3      | Reached XP level 7. HP: 34/51 MP: 8/8
  4031 | D:4      | Reached XP level 8. HP: 33/58 MP: 9/9
  4042 | D:4      | Killed from afar by an orc wizard

Levels and vault maps discovered:
D:1:      mrwooster_arrival_statue_2, layout_basic, serial_park_tiny_1
D:2:      layout_rooms, minmay_pentomino_r2
D:3:      layout_basic, first_ration
D:4:      layout_loops_cross, grunt_ministairs_2, minmay_shop_grid_forest,
          minmay_misc_feat_encased

Skill      XL: |  1  2  3  4  5  6  7 |
---------------+----------------------+-----
Dodging        | 3 4 5 6 |  6.5
Fighting       | 4 5 6 |  6.8
Short Blades   | |  2.0
Invocations    | |  2.6

Action                   |  1- 3 |  4- 6 |  7- 9 || total
-------------------------+-------+-------+-------++-------
Melee: Short sword       |     9 |       |       ||     9
       Constrict         |    15 |    34 |    15 ||    64
       Tentacles         |     9 |    19 |    21 ||    49
       Dagger            |    44 |   118 |    25 ||   187
       Long sword        |       |       |    52 ||    52
Invok: Depart the Abyss  |     1 |       |       ||     1
  Use: Potion            |       |     4 |     1 ||     5
 Stab: Sleeping          |     5 |     3 |     7 ||    15
  Eat: Chunk             |     1 |     6 |     3 ||    10
Armor: Skin              |     2 |     4 |     1 ||     7
Dodge: Dodged            |    25 |    76 |    45 ||   146
       Rpst.: Long sword |       |       |    10 ||    10

Table legend:
 A = Non-vault XP
 B = Vault XP
 C = Vault XP percentage of total XP
 D = Non-vault monster count
 E = Vault monster count
 F = Vault count percentage of total count
                 A         B        C        D         E       F
            +---------+---------+-------+---------+---------+-------
      Total |    1163 |      91 |   7.3 |      93 |       3 |   3.1
            +---------+---------+-------+---------+---------+-------
        D:1 |      32 |       0 |   0.0 |      19 |       0 |   0.0
        D:2 |     178 |      58 |  24.6 |      32 |       2 |   5.9
        D:3 |     688 |       0 |   0.0 |      33 |       0 |   0.0
        D:4 |     265 |      33 |  11.1 |       9 |       1 |  10.0
            +---------+---------+-------+---------+---------+-------
